 Dungeon Crawl Stone Soup version 0.16.1-14-g82efdee (webtiles) character file.

257 KarvaRausku the Slasher (level 6, -1/35 HPs)
             Began as a Tengu Gladiator on Apr 11, 2015.
             Slain by a gnoll (6 damage)
             ... on level 4 of the Dungeon.
             The game lasted 00:10:52 (3970 turns).

KarvaRausku the Slasher (Tengu Gladiator)           Turns: 3970, Time: 00:10:52

Health: -1/35      AC:  8    Str: 18    XL:     6   Next: 16%
Magic:  8/8        EV:  8    Int:  8    God:
Gold:   132        SH:  0    Dex: 14    Spells: 0 memorised, 5 levels left

rFire  . . .     SeeInvis .     a - +0 long sword
rCold  . . .     Clarity  .     r - +0 chain mail
rNeg   . . .     SustAb   .     (no shield)
rPois  +         Gourm    .     c - +0 hat
rElec  .         Spirit   .     (no cloak)
rCorr  .         Warding  .     (no gloves)
rMut   .         Stasis   .     (boots unavailable)
MR     .....                    (no amulet)
Stlth  ..........               D - ring of poison resistance
                                p - ring of wizardry

@: not resistant to hostile enchantments, extremely unstealthy
A: able to fly, beak, talons 3
a: Fly


You were on level 4 of the Dungeon.
You were very hungry.

You visited 1 branch of the dungeon, and saw 4 of its levels.

You collected 132 gold pieces.

Inventory:

Hand weapons
 a - a +0 long sword (weapon)
 y - a +0 battleaxe
 B - a +4 shortbow
Missiles
 d - 3 throwing nets
 C - 3 tomahawks (quivered)
Armour
 b - a +0 leather armour
 c - a +0 hat (worn)
 r - a +0 chain mail (worn)
 s - a +0 helmet
Jewellery
 p - a ring of wizardry (left hand)
 q - an uncursed ring of teleport control
 D - a ring of poison resistance (right hand)
Magical devices
 z - a wand of flame (15)
Scrolls
 e - a scroll of identify {unknown}
 h - 2 scrolls of remove curse {unknown}
 i - a scroll of enchant weapon {unknown}
 j - 3 scrolls of fear {unknown}
 k - 2 scrolls of recharging {unknown}
 n - 4 scrolls of teleportation {unknown}
 o - a scroll of magic mapping {unknown}
 t - a scroll of fog {unknown}
 u - 2 scrolls of random uselessness {unknown}
 x - a scroll of immolation {unknown}
Potions
 g - 2 potions of lignification {unknown}
 m - 2 potions of curing
 v - a potion of poison {unknown}
 w - 2 potions of degeneration {unknown}
 A - a potion of haste {unknown}
 E - a potion of ambrosia {unknown}
Comestibles
 f - 3 bread rations
 l - a royal jelly


   Skills:
 - Level 2.0 Fighting
 + Level 7.3 Long Blades
 - Level 2.1 Throwing
 - Level 3.2 Dodging


You had 5 spell levels left.
You didn't know any spells.

Dungeon Overview and Level Annotations

Branches:
Dungeon (4/15)
 Temple: D:4-7

Altars:
Zin

Shops:
D:4 *


Innate Abilities, Weirdness & Mutations

You can fly.
You have a beak for a mouth.
You have claws for feet.


Message History

Your chain mail prevents you from hitting the gnoll.
You claw the gnoll.
The gnoll is moderately wounded.
The gnoll barely misses you.
You are feeling very hungry.
You closely miss the gnoll. Your kick misses the gnoll.
The gnoll is moderately wounded.
The orc priest mumbles some strange prayers to Beogh against you.
Something smites you!
* * * LOW HITPOINT WARNING * * *
The gnoll hits you with a spear.
* * * LOW HITPOINT WARNING * * *
The gnoll hits you from afar with a spear.
* * * LOW HITPOINT WARNING * * *
A gnoll comes into view.
The gnoll shouts!
The gnoll hits you from afar with a spear.
* * * LOW HITPOINT WARNING * * *
The gnoll hits you.
You die...

#.....#....# #.###.#.##.#
#.# #.#..#.# #.#
#.##.#.#### #g# #.o<(....(#
#o########(..(#
#g#...........#
#####.###.#g######....#
......M...@..........oo..o.
.#....#####.#....#.#.......
#....#####.#....#.#..PP...
.####.>.
...................P∩P..
....#..#
#....##.#.....##..PPP..
...##..# ....
#.#......#...... ...##..#
.... #.##..#..#g#...
...##..# .. #.##.....#.#
...##..# .. #.##..####


You could see a mummy, an orc priest and 3 gnolls.

Vanquished Creatures
  A scorpion (D:4)
  An iguana (D:4)
  Terence (D:3)
  4 adders
  2 giant mites
  7 worms
  An orc (D:4)
  3 ball pythons
  10 bats
  7 giant cockroaches
  6 goblins
  13 hobgoblins
  A quokka (D:4)
  2 giant geckos
  2 giant newts (D:1)
  8 jackals
  9 kobolds
  6 rats
84 creatures vanquished.

Notes
Turn   | Place    | Note
--------------------------------------------------------------
     0 | D:1      | KarvaRausku, the Tengu Gladiator, began the quest for the Orb.
     0 | D:1      | Reached XP level 1. HP: 12/12 MP: 1/1
    93 | D:1      | Reached XP level 2. HP: 17/17 MP: 3/3
   115 | D:1      | Reached skill level 4 in Long Blades
   336 | D:1      | Reached XP level 3. HP: 21/21 MP: 4/4
   922 | D:2      | Reached skill level 5 in Long Blades
  1097 | D:2      | Reached XP level 4. HP: 21/26 MP: 5/5
  1918 | D:3      | Noticed Terence
  1942 | D:3      | Killed Terence
  1942 | D:3      | Reached skill level 6 in Long Blades
  1942 | D:3      | Reached XP level 5. HP: 25/30 MP: 7/7
  2172 | D:3      | Found a glowing silver altar of Zin.
  3149 | D:4      | Found a sand-covered staircase.
  3153 | D:4      | HP: 1/30 [mummy (9)]
  3714 | D:4      | Reached skill level 7 in Long Blades
  3714 | D:4      | Reached XP level 6. HP: 15/35 MP: 8/8
  3736 | D:4      | HP: 1/35 [poisoned by a scorpion]
  3935 | D:4      | Found Kuipsi Zicu's Assorted Antiques.
  3970 | D:4      | Slain by a gnoll

Action                   |  1- 3 |  4- 6 || total
-------------------------+-------+-------++-------
Melee: Long sword        |    83 |   124 ||   207
       Battleaxe         |       |    36 ||    36
Throw: Tomahawk          |       |     5 ||     5
 Abil: Fly               |       |     1 ||     1
  Use: Potion            |       |     1 ||     1
  Eat: Chunk             |       |     7 ||     7
       Royal jelly       |       |     1 ||     1
